 Dungeon Crawl Stone Soup version 0.25-a0-413-g3b4b6a4ccc (webtiles) character file.

Game seed: 12344036644967520352, levelgen mode: deterministic

619 MrRokkomies the Ducker (level 7, -3/35 HPs)
             Began as a Spriggan Abyssal Knight on Jan 17, 2020.
             Was a Believer of Lugonu.
             Killed from afar by an orc wizard (7 damage)
             ... with a puff of frost
             ... on level 3 of the Dungeon.
             The game lasted 00:06:00 (2091 turns).

MrRokkomies the Ducker (Spriggan Abyssal Knight)    Turns: 2091, Time: 00:06:00

Health: -3/35      AC:  2    Str: 15    XL:     7   Next: 21%
Magic:  11/11      EV: 20    Int: 14    God:    Lugonu [**....]
Gold:   152        SH:  0    Dex: 15    Spells: 6/6 levels left

rFire    . . .     SeeInvis +   a - +1 short sword
rCold    . . .     Gourm    .   (shield restricted)
rNeg     . . .     Faith    .   b - +0 robe
rPois    .         Spirit   .   (helmet restricted)
rElec    .         Reflect  .   (no cloak)
rCorr    .         Harm     .   (gloves unavailable)
MR       +....                  (boots unavailable)
Stlth    +++.......             (no amulet)
HPRegen  0.11/turn              (no ring)
MPRegen  0.12/turn              (no ring)

@: mighty, very quick
A: very small, unfitting armour, see invisible, herbivore, speed 3, slow
metabolism 2
a: Depart the Abyss, Bend Space, Renounce Religion


You were on level 3 of the Dungeon.
You worshipped Lugonu.
Lugonu was pleased with you.
You were not hungry.

You visited 1 branch of the dungeon, and saw 3 of its levels.
You visited the Abyss 1 time.

You collected 152 gold pieces.

Inventory:

Hand Weapons
 a - a +1 short sword (weapon)
Missiles
 f - 36 sling bullets
 i - 42 bolts
 m - 21 poisoned darts (quivered)
Armour
 b - a +0 robe (worn)
Scrolls
 e - 3 scrolls of teleportation
 g - a scroll of holy word
 k - 3 scrolls of identify
Potions
 d - 2 potions of might
 h - 2 potions of mutation
 j - a potion of brilliance {unknown}
 l - a potion of flight {unknown}
Comestibles
 c - 13 rations


   Skills:
 + Level 2.4 Fighting
 * Level 5.4 Short Blades
 - Level 5.4 Dodging
 + Level 4.8 Stealth
 * Level 4.7 Invocations


You had 6 spell levels left.
You didn't know any spells.
Your spell library was empty.

Dungeon Overview and Level Annotations

Branches:
Dungeon (3/15)

Altars:
Cheibriados
Elyvilon
Hepliaklqana
Ru
Sif Muna


Innate Abilities, Weirdness & Mutations

You are very small and have problems with some larger weapons.
You are too small for most types of armour.
You have supernaturally acute eyesight. (SInv)
You are a herbivore.
You cover ground extremely quickly.
You need to consume almost no food.


Message History

Unknown command.
You feel very mighty all of a sudden. The orc wizard closely misses you.
You closely miss the orc wizard.
The orc wizard is lightly wounded.
The orc wizard hits you but does no damage.
You hit the orc wizard.
The orc wizard is moderately wounded.
The orc wizard hits you but does no damage.
The orc wizard gestures wildly while chanting.
The orc wizard seems to speed up.
You hit the orc wizard.
The orc wizard is heavily wounded.
The orc wizard hits you with a +0 dagger.
* * * LOW HITPOINT WARNING * * *
You hit the orc wizard.
The orc wizard is almost dead.
The orc wizard points at you and mumbles some strange words.
The puff of frost hits you!
You die...

##. #.. # #.. #.##..
...... #..#######.#
#......†..##
#.!.######.#.##..
#.#ooo@†........#
#######.#.###########..
..........# ######.#.#
#.#.# #.#.#
#.#.########
#.......>...
#...######## #.#


You could see 2 orc wizards and an orc.

Vanquished Creatures
  2 raiju
  A chaos spawn (Abyss:3)
  An orc wizard (D:3)
  3 adders (D:2)
  2 dart slugs (D:1)
  2 worms (D:2)
  4 leopard geckos
  7 bats
  2 giant cockroaches (D:1)
  5 goblins
  3 hobgoblins
  6 kobolds
  A quokka (D:3)
  A ball python (D:1)
  10 frilled lizards
  3 rats (D:1)
53 creatures vanquished.

Notes
Turn   | Place    | Note
-------+----------+-------------------------------------------
     0 | Abyss:1  | MrRokkomies the Spriggan Abyssal Knight began the quest for
                  | the Orb.
     0 | Abyss:1  | Reached XP level 1. HP: 11/11 MP: 3/3
    88 | Abyss:3  | Noticed a small abomination
   104 | Abyss:3  | Noticed a sun demon
   146 | Abyss:3  | Noticed a chaos spawn
   152 | Abyss:3  | Killed a chaos spawn
   152 | Abyss:3  | Reached XP level 2. HP: 12/16 MP: 0/5
   152 | Abyss:3  | Reached XP level 3. HP: 15/19 MP: 0/6
   152 | Abyss:3  | Reached XP level 4. HP: 18/23 MP: 0/7
   152 | Abyss:3  | Reached XP level 5. HP: 21/27 MP: 0/8
   167 | Abyss:3  | Noticed a neqoxec
   201 | Abyss:4  | Noticed a large abomination
   218 | Abyss:4  | Found a sparkling altar of Nemelex Xobeh.
   244 | Abyss:4  | Noticed a smoke demon
   244 | Abyss:4  | Noticed a raiju
   247 | Abyss:4  | Noticed a spatial vortex
   251 | Abyss:4  | Noticed a spatial vortex
   251 | Abyss:4  | Noticed a spatial maelstrom
   252 | Abyss:4  | Noticed a spatial vortex
   252 | Abyss:4  | Noticed a starcursed mass
   252 | Abyss:4  | Noticed a spatial vortex
   252 | Abyss:4  | Noticed a spatial vortex
   252 | Abyss:4  | Noticed a spatial vortex
   259 | Abyss:4  | Noticed a spatial vortex
   262 | Abyss:4  | Killed a raiju
   262 | Abyss:4  | Reached skill level 5 in Dodging
   262 | Abyss:4  | Reached XP level 6. HP: 32/32 MP: 7/10
   263 | Abyss:4  | Noticed a spatial vortex
   263 | Abyss:4  | Noticed a spatial vortex
   263 | Abyss:4  | Noticed a spatial vortex
   264 | Abyss:4  | Noticed a spatial vortex
   265 | Abyss:4  | Noticed a spatial vortex
   265 | Abyss:5  | Entered Level 5 of the Abyss
   292 | Abyss:5  | Noticed a raiju
   305 | Abyss:5  | Noticed a raiju
   315 | Abyss:5  | Noticed a thrashing horror
   316 | Abyss:5  | Noticed a thrashing horror
   317 | Abyss:5  | Killed a raiju
   317 | Abyss:5  | Reached skill level 5 in Short Blades
   317 | Abyss:5  | Noticed a thrashing horror
   319 | D:1      | Escaped the Abyss
   437 | D:1      | Reached XP level 7. HP: 35/35 MP: 11/11
   697 | D:1      | Reached ** piety under Lugonu
  1394 | D:2      | Found a shimmering blue altar of Sif Muna.
  1394 | D:2      | Found a snail-covered altar of Cheibriados.
  1395 | D:2      | Found a sacrificial altar of Ru.
  1396 | D:2      | Found a white marble altar of Elyvilon.
  1401 | D:2      | Found a hazy altar of Hepliaklqana.
  2091 | D:3      | Killed from afar by an orc wizard

Levels and vault maps discovered:
D:1:      mrwooster_arrival_statue, layout_loops_ring
D:2:      layout_basic, minitemple, first_ration
D:3:      layout_loops_ring, grunt_dithmenos_smoke_and_mirrors, nrook_uturn

Skill      XL: |  1  2  3  4  5  6 |
---------------+-------------------+-----
Short Blades   | 3 4 5 |  5.4
Dodging        | 4 5 |  5.4
Stealth        | 2 3 4 |  4.8
Invocations    | 3 4 |  4.7
Fighting       | |  2.4

Action                   |  1- 3 |  4- 6 |  7- 9 || total
-------------------------+-------+-------+-------++-------
Melee: Short sword       |     2 |    12 |   161 ||   175
Evoke: Wand              |     1 |     3 |       ||     4
  Use: Scroll            |       |     4 |     2 ||     6
       Potion            |       |       |     1 ||     1
 Stab: Confused          |       |     2 |       ||     2
       Sleeping          |       |     1 |    11 ||    12
Armor: Robe              |       |       |     8 ||     8
Dodge: Dodged            |       |     5 |   107 ||   112

Table legend:
 A = Non-vault XP
 B = Vault XP
 C = Vault XP percentage of total XP
 D = Non-vault monster count
 E = Vault monster count
 F = Vault count percentage of total count
                 A         B        C        D         E       F
            +---------+---------+-------+---------+---------+-------
      Total |     885 |       0 |   0.0 |      53 |       0 |   0.0
            +---------+---------+-------+---------+---------+-------
        D:1 |      51 |       0 |   0.0 |      28 |       0 |   0.0
        D:2 |      65 |       0 |   0.0 |      18 |       0 |   0.0
        D:3 |      41 |       0 |   0.0 |       4 |       0 |   0.0
    Abyss:3 |     196 |       0 |   0.0 |       1 |       0 |   0.0
    Abyss:4 |     257 |       0 |   0.0 |       1 |       0 |   0.0
    Abyss:5 |     275 |       0 |   0.0 |       1 |       0 |   0.0
            +---------+---------+-------+---------+---------+-------
